 Dungeon Crawl Stone Soup version 0.30-a0-776-g08fbeb92c1 (webtiles) character file.

Game seed: 13130141657013885330

18237 M4edhros the Black Belt (level 12, -10/87 HPs)
             Began as an Octopode Artificer on Feb 13, 2023.
             Was an Elder of Cheibriados.
             Killed by divine providence
             ... invoked by a meliai
              (14 damage)
             ... on level 13 of the Dungeon.
             The game lasted 00:34:08 (13110 turns).

M4edhros the Black Belt (Octopode Artificer)       Turns: 13110, Time: 00:34:08

Health: -10/87     AC:  1    Str: 38    XL:     12   Next: 56%
Magic:  21/21      EV: 22    Int: 21    God:    Cheibriados [****..]
Gold:   194        SH: 10    Dex: 25    Spells: 11/11 levels left

rFire   . . .      SeeInvis .      - Unarmed
rCold   . . .      Faith    .    Q - +2 buckler {reflect}
rNeg    . . .      Spirit   .    (helmet restricted)
rPois   +          Reflect  +    z - amulet of the acrobat
rElec   .          Harm     .    s - ring of magical power
rCorr   .          Rampage  .    t - ring of flight
Will    +....                    w - +6 ring of strength
Stlth   +++                      B - ring of wizardry
HPRegen 0.34/turn                b - +6 ring of strength
MPRegen 0.17/turn                M - ring of poison resistance
                                 (no ring)
                                 (no ring)

@: lethally poisoned (-10 -> -13), flying, studying Shields, very slow
A: almost no armour, amphibious, 8 rings, camouflage 1, gelatinous body 1,
(nimble swimmer 1), tentacles, dopey 1, strong-willed 1, strong 1
a: Renounce Religion, Bend Time, Temporal Distortion, Slouch


You were on level 13 of the Dungeon.
You worshipped Cheibriados.
Cheibriados was greatly pleased with you.
You visited 2 branches of the dungeon, and saw 14 of its levels.
You also visited: Bailey.

You collected 560 gold pieces.
You spent 366 gold pieces at shops.

Inventory:

Hand Weapons
 k - the +5 dagger "Voatitsae" {speed, rPois rC+ Stlth+}
   (You found it on level 5 of the Dungeon)

   rC:        It protects you from cold.
   rPois:     It protects you from poison.
   Stlth:     It makes you more stealthy.
   Cheibriados disapproves of the use of such an item.
 p - a +0 lajatang
Missiles
 e - 10 curare-tipped darts
 m - 14 poisoned darts (quivered)
 F - 2 throwing nets
Armour
 o - a +0 buckler
 Q - a +2 buckler of reflection (worn)
Jewellery
 b - a +6 ring of strength (on tentacle)
 s - a ring of magical power (left tentacle)
 t - a ring of flight (right tentacle)
 w - a +6 ring of strength (on tentacle)
 z - an amulet of the acrobat (around mantle)
 B - a ring of wizardry (on tentacle)
 E - an amulet of magic regeneration
 G - a ring of ice
 H - an amulet of faith
 M - a ring of poison resistance (on tentacle)
Wands
 d - a wand of iceblast (5)
 n - a wand of polymorph (3)
 r - a wand of paralysis (2)
 D - a wand of digging (2)
Scrolls
 a - 5 scrolls of teleportation
 c - 4 scrolls of fog
 g - a scroll of enchant weapon
 i - a scroll of noise
 j - 4 scrolls of vulnerability
 q - 3 scrolls of amnesia
 x - 2 scrolls of fear
 y - 2 scrolls of immolation
 C - 2 scrolls of poison
 I - a scroll of magic mapping
 J - 2 scrolls of blinking
 R - 2 scrolls of identify
Potions
 f - 2 potions of cancellation
 h - a potion of brilliance
 l - a potion of invisibility
 u - a potion of heal wounds
 v - 3 potions of haste
 A - 2 potions of might
 K - 2 potions of resistance {unknown}
 L - 3 potions of lignification
 N - 2 potions of curing
 P - a potion of ambrosia
 S - a potion of attraction
Miscellaneous
 O - a phial of floods (inert)


   Skills:
 + Level 9.9 Fighting
 + Level 10.2 Dodging
 - Level 1.3 Stealth
 + Level 10.1 Shields
 - Level 15.0 Unarmed Combat
 - Level 6.1 Evocations


You had 11 spell levels left.
You didn't know any spells.
Your spell library contained the following spells:

 Spells                   Type           Power      Damage    Failure   Level
 Apportation              Tloc           0%         N/A       9%          1
 Beastly Appendage        Tmut           0%         N/A       9%          1
 Necrotise                Necr           0%         1d4       9%          1
 Sandblast                Erth           0%         2d4       9%          1
 Summon Small Mammal      Summ           0%         N/A       9%          1
 Passwall                 Tmut/Erth      0%         N/A       13%         2
 Static Discharge         Conj/Air       0%         2-2/arc   13%         2
 Stone Arrow              Conj/Erth      0%         3d7       26%         3
 Vhi's Electric Charge    Tloc/Air       0%         N/A       26%         3
 Arcjolt                  Conj/Air       0%         1d10      90%         5
 Freezing Cloud           Conj/Ice/Air   0%         6-21      90%         5
 Lightning Bolt           Conj/Air       0%         1d11      90%         5
 Conjure Ball Lightning   Conj/Air       0%         3x3d6     100%        6
 Simulacrum               Ice/Necr       0%         N/A       100%        6
 Discord                  Hex            0%         N/A       100%        8
 Disjunction              Tloc           0%         N/A       100%        8
 Polar Vortex             Ice            0%         N/A       100%        9


Dungeon Overview and Level Annotations

Branches:
Dungeon (13/15)            Temple (1/1) D:6            Lair (0/5) D:11
 Bailey (visited)
    Orc: D:9-12      Vaults: D:13-14

Altars:
Ashenzari
Cheibriados
Dithmenos
Elyvilon
Fedhas
Gozag
Hepliaklqana
Kikubaaqudgha
Makhleb
Nemelex Xobeh
Okawaru
Ru
Sif Muna
Uskayaw
Vehumet
Wu Jian
Xom
Zin
The Shining One

Shops:
D:2 *   D:10 *   D:13 [

Annotations:
D:6 Edmund
D:13 2 transporters, hofbold's ghost, journeyman HOFE


Innate Abilities, Weirdness & Mutations

You cannot wear most types of armour.
You are amphibious.
You can wear up to eight rings at the same time.
Your skin changes colour to match your surroundings (Stealth+).
Your rubbery body absorbs attacks. (AC +1, EV +1)
((You are camouflaged when in or above water. (Stealth+)))
You have tentacles for arms and can constrict up to eight enemies at once.
You are dopey. (Int -2)
You are strong-willed. (Will+)
Your muscles are strong. (Str +4, Int/Dex -1)


Message History

Cheibriados thoroughly appreciates the change of pace.
Cheibriados raises the support of your attributes as your movement slows.
The killer bee closely misses you.
You batter the killer bee!!
You kill the killer bee!
Cheibriados thoroughly appreciates the change of pace.
The killer bee stings you.
You thrash the killer bee!!!
You kill the killer bee!
Cheibriados thoroughly appreciates the change of pace.
You batter the killer bee!!
You kill the killer bee!
Cheibriados thoroughly appreciates the change of pace.
The meliai mumbles some strange prayers to its god against you.
Something smites you! The killer bee stings you.
* * * LOW HITPOINT WARNING * * *
You are poisoned.
The killer bee poisons you!
The meliai calls down the wrath of its god upon you.
Something smites you!
* * * LOW HITPOINT WARNING * * *
You tentacle-slap the killer bee. Your grab misses the killer bee.
The killer bee is lightly wounded.
You feel sick. The killer bee barely misses you.
You barely miss the killer bee. Your grab misses the killer bee.
You squeeze the killer bee.
The killer bee is moderately wounded.
You feel sick. The killer bee completely misses you. The killer bee stings you.
* * * LOW HITPOINT WARNING * * *
You batter the killer bee!!
You kill the killer bee!
Cheibriados thoroughly appreciates the change of pace.
* * * LOW HITPOINT WARNING * * *
You feel sick.
You closely miss the killer bee. Your grab misses the killer bee.
* * * LOW HITPOINT WARNING * * *
You feel sick. The killer bee closely misses you.
The meliai invokes the aid of its god against you.
Something smites you!
You die...

...# ##..# ######.###
...# ##.# #..# ...# #.#
#.## #### #.# #. #
#######'## #. #
###........#
###.'........# ###+#
.##.#........#####y.....
.##.#........'..@yyy...!
.#..#........#####y)$...
.#.##8.......# †....
.#.##........# .†.†
.#.8.∩.8...(.# .††
...##<.......# $.
.####8#+###### + .# #.#
## #..


You could see a meliai and 4 killer bees.

Vanquished Creatures
  Josephine (D:10)
  2 vault guards (Bailey)
  2 centaur warriors (D:13)
  2 two-headed ogres
  A tengu warrior (D:13)
  An orc knight (D:13)
  An ugly thing (D:12)
  A cyclops (D:12)
  Maurice (D:8)
  An efreet (D:13)
  A komodo dragon (D:12)
  A queen bee (D:13)
  4 trolls
  2 meliai (D:13)
  Prince Ribbit (Bailey)
  Sigmund (D:6)
  2 slime creatures (D:8)
  5 wraiths
  A water elemental (D:13)
  5 humans (Bailey)
  A basilisk (D:13)
  A steam dragon (D:6)
  6 vampire mosquitoes (D:13)
  An acid dragon (D:10)
  2 water moccasins
  A black bear (D:4)
  6 orc warriors
  An ice beast (D:7)
  2 sky beasts
  4 ogres
  14 centaurs
  A wolf (D:7)
  3 kobold brigands
  A necrophage (D:6)
  11 bullfrogs
  4 scorpions
  A wight (D:6)
  22 killer bees
  3 electric eels (D:12)
  A howler monkey (D:11)
  4 crimson imps (D:10)
  A jelly (D:7)
  2 hounds (D:7)
  Crazy Yiuf (D:6)
  5 orc priests
  An iguana (D:2)
  14 orc wizards
  2 gnolls (Bailey)
  7 adders
  A shadow imp (D:8)
  3 white imps (D:6)
  2 ufetubi
  A worm (D:3)
  48 orcs
  10 ball pythons
  6 bats
  6 endoplasms
  2 giant cockroaches
  14 goblins
  3 hobgoblins
  9 jackals
  20 kobolds
  6 quokkas
  6 frilled lizards
  6 rats
302 creatures vanquished.

Vanquished Creatures (collateral kills)
  2 slime creatures (D:8)
  An ogre (D:5)
  A scorpion (D:6)
  2 wights (D:6)
  2 jellies
  An orc priest (D:8)
  An orc wizard (D:5)
  An orc (D:8)
  2 jackals (D:5)
13 creatures vanquished.

Vanquished Creatures (others)
  A wight (D:6)
  A jelly (D:7)
  An adder (D:6)
  2 orcs (D:7)
5 creatures vanquished.

Grand Total: 320 creatures vanquished

Notes
Turn   | Place    | Note
-------+----------+-------------------------------------------
     0 | D:1      | M4edhros the Octopode Artificer began the quest for the
                  | Orb.
     0 | D:1      | Reached XP level 1. HP: 13/13 MP: 1/1
    85 | D:2      | Reached XP level 2. HP: 17/18 MP: 2/2
   275 | D:2      | Reached XP level 3. HP: 22/23 MP: 3/3
   447 | D:4      | Found a sacrificial altar of Ru.
   566 | D:4      | Noticed an ogre
   570 | D:4      | Killed an ogre
   571 | D:4      | Reached XP level 4. HP: 28/28 MP: 4/4
   571 | D:4      | Reached XP level 5. HP: 33/33 MP: 5/5
   715 | D:4      | Noticed an ogre
   721 | D:4      | Killed an ogre
   740 | D:5      | Entered Level 5 of the Dungeon
   740 | D:5      | Noticed a centaur
   777 | D:4      | Reached XP level 6. HP: 35/40 MP: 6/6
   787 | D:5      | HP: 2/40 [ufetubus (3)]
   990 | D:5      | Reached XP level 7. HP: 13/46 MP: 7/7
  1068 | D:5      | Identified the +5 dagger "Voatitsae" {speed, rPois rC+
                  | Stlth+}
  1088 | D:5      | Found an ancient bone altar of Kikubaaqudgha.
  1152 | D:6      | Noticed Sigmund
  1155 | D:6      | Killed Sigmund
  1156 | D:6      | Reached skill level 5 in Dodging
  1160 | D:6      | Noticed a steam dragon
  1491 | D:6      | Found a staircase to the Ecumenical Temple.
  1507 | D:6      | Reached skill level 5 in Fighting
  1526 | Temple   | Entered the Ecumenical Temple
  1626 | D:6      | Reached XP level 8. HP: 5/56 MP: 8/8
  1676 | D:6      | Noticed Edmund
  2367 | D:6      | Found a white marble altar of Elyvilon.
  2614 | D:6      | Found a runed translucent door.
  2615 | D:6      | Noticed Crazy Yiuf
  2624 | D:6      | Killed Crazy Yiuf
  3900 | D:3      | Found a shimmering blue altar of Sif Muna.
  3931 | D:3      | HP: 2/60 [something/magic dart (9)]
  3933 | D:3      | Reached XP level 9. HP: 2/64 MP: 9/9
  3936 | D:3      | Got Sif Muna's Book of the Shift
  4929 | D:2      | Found a glowing silver altar of Zin.
  5209 | D:2      | Found Oskat's General Store.
  6370 | D:7      | Found an iron altar of Okawaru.
  6686 | D:7      | Found a glowing golden altar of the Shining One.
  7358 | D:7      | Reached skill level 1 in Unarmed Combat
  7368 | D:7      | Reached skill level 2 in Unarmed Combat
  7635 | D:7      | Found a runed translucent door.
  7654 | D:7      | Identified a scroll of acquirement
  7654 | D:7      | Acquired a manual of Unarmed Combat
  7671 | D:7      | Gained mutation: Your muscles are strong. (Str +4, Int/Dex
                  | -1) [potion of mutation]
  7671 | D:7      | Gained mutation: You are dopey. (Int -2) [potion of
                  | mutation]
  7671 | D:7      | Gained mutation: You are strong-willed. (Will+) [potion of
                  | mutation]
  7706 | D:7      | Reached skill level 3 in Unarmed Combat
  7747 | D:7      | Reached skill level 4 in Unarmed Combat
  8674 | D:7      | Reached skill level 5 in Unarmed Combat
  8899 | D:8      | Reached skill level 1 in Shields
  9092 | D:8      | Found a shadowy altar of Dithmenos.
  9123 | D:8      | Noticed Maurice
  9133 | D:8      | Killed Maurice
  9134 | D:8      | Reached skill level 6 in Unarmed Combat
  9134 | D:8      | Reached XP level 10. HP: 54/72 MP: 10/10
  9198 | D:8      | Found a broken altar of Ashenzari.
  9214 | D:8      | Reached skill level 7 in Unarmed Combat
  9263 | D:8      | Reached skill level 8 in Unarmed Combat
 10476 | D:9      | Found a snail-covered altar of Cheibriados.
 10489 | D:9      | Became a worshipper of Cheibriados the Contemplative
 10499 | D:10     | Entered Level 10 of the Dungeon
 10507 | D:10     | Noticed a two-headed ogre
 10511 | D:10     | Reached skill level 9 in Unarmed Combat
 10516 | D:10     | Killed a two-headed ogre
 10517 | D:10     | Reached skill level 5 in Shields
 10537 | D:10     | Acquired a manual of Shields
 10546 | D:10     | Found an ornate altar of the Wu Jian Council.
 10559 | D:10     | Found a burning altar of Makhleb.
 10561 | D:10     | Found a sparkling altar of Nemelex Xobeh.
 10647 | D:10     | Noticed Josephine
 10677 | D:10     | Killed Josephine
 10678 | D:10     | Reached skill level 11 in Unarmed Combat
 10684 | D:10     | HP: 3/72 [wraith[Josephine] (7)]
 10690 | D:10     | HP: 5/108 [wraith[Josephine] (6)]
 10723 | D:10     | Found Okku Ujo's Serpentskin Sales.
 10727 | D:10     | Reached skill level 12 in Unarmed Combat
 10735 | D:10     | Bought 3 curare-tipped darts for 46 gold pieces
 10735 | D:10     | Bought a scroll of poison for 52 gold pieces
 10735 | D:10     | Bought a scroll of poison for 52 gold pieces
 10745 | D:10     | Found a flagged portal.
 10759 | Bailey   | Entered a bailey
 10917 | Bailey   | Reached * piety under Cheibriados
 10918 | Bailey   | Reached XP level 11. HP: 74/77 MP: 11/11
 10971 | Bailey   | Reached skill level 13 in Unarmed Combat
 11120 | Bailey   | Noticed a vault guard
 11120 | Bailey   | Noticed Prince Ribbit
 11192 | Bailey   | Noticed a vault guard
 11200 | Bailey   | Killed a vault guard
 11201 | Bailey   | Reached skill level 14 in Unarmed Combat
 11228 | Bailey   | Killed a vault guard
 11237 | Bailey   | Killed Prince Ribbit
 11237 | Bailey   | Reached ** piety under Cheibriados
 11439 | D:10     | Found a shimmering altar of Xom.
 11969 | D:12     | Noticed a cyan ugly thing
 11977 | D:12     | Killed a cyan ugly thing
 11978 | D:12     | Reached skill level 15 in Unarmed Combat
 12047 | D:12     | Noticed a two-headed ogre
 12052 | D:12     | Killed a two-headed ogre
 12066 | D:11     | Found a staircase to the Lair.
 12189 | D:12     | Noticed a cyclops
 12196 | D:12     | Killed a cyclops
 12359 | D:13     | Reached *** piety under Cheibriados
 12391 | D:13     | Noticed an orc knight
 12397 | D:13     | Killed an orc knight
 12398 | D:13     | Reached XP level 12. HP: 37/84 MP: 12/12
 12466 | D:13     | Found Kaanuew's Armour Emporium.
 12485 | D:13     | Bought a +1 buckler of reflection for 216 gold pieces
 12585 | D:13     | Noticed a centaur warrior
 12585 | D:13     | Noticed a centaur warrior
 12597 | D:13     | Killed a centaur warrior
 12600 | D:13     | Killed a centaur warrior
 12808 | D:13     | Found a transporter.
 12811 | D:13     | Noticed a tengu reaver
 12812 | D:13     | Noticed hofbold's ghost (journeyman HOFE)
 12812 | D:13     | Noticed a rakshasa
 12812 | D:13     | Noticed a fire giant
 12813 | D:13     | Noticed a boulder beetle
 12830 | D:13     | Found a transporter.
 12925 | D:13     | Noticed a tengu warrior
 12934 | D:13     | Killed a tengu warrior
 13086 | D:13     | Reached skill level 10 in Dodging
 13087 | D:13     | Reached **** piety under Cheibriados
 13099 | D:13     | Reached skill level 10 in Shields
 13110 | D:13     | HP: 4/87 [poisoned by a killer bee]
 13110 | D:13     | Killed from afar by a meliai

Illustrated notes

Levels and vault maps discovered:
D:1:      erik_arrival_orb_chamber, layout_loops_ring
D:2:      layout_basic, basic_altar, serial_shops, shop_statue,
          hangedman_decor_clover_reticule, minivault_25,
          kennysheep_generic_room_13
D:3:      minmay_chambers_of_threes, layout_loops_ring, led_sif_book, hex_medium
D:4:      layout_cave_pods, nicolae_overflow_crystal_walls, minmay_bisected
D:5:      layout_loops_ring, mainiacjoe_overflow_chevrons
D:6:      layout_rooms, nicolae_overflow_hidden_temple,
          minmay_temple_entry_glass, uniq_sigmund, uniq_crazy_yiuf_cottage,
          uniq_edmund
D:7:      layout_layer_cave, lemuel_round_altar, okawaru_trees_2,
          lightli_church_of_beogh
D:8:      layout_basic, marbit_many_paths, lemuel_tele_altar, uniq_maurice
D:9:      layout_roguey, lemuel_zombie_altar_yredelemnul,
          mainiacjoe_overflow_cross_hatched, trog_book,
          minmay_orc_entry_temple_small
D:10:     layout_cave_pods, grunt_temple_overflow_open, led_xom_imps,
          lemuel_round_altar, enter_bailey_2, guppyfry_shop_venom,
          uniq_josephine
D:11:     layout_basic, lair_entry_dummy, uniq_erica, uniq_harold
D:12:     layout_basic, solitary_fountain
D:13:     layout_roguey [special_room_bee], serial_shops,
          nicolae_shop_statue_plus, gammafunk_ghost_arena, lightli_minifort
Temple:   nicolae_temple_bog_church

Skill      XL: |  1  2  3  4  5  6  7  8  9 10 11 12 |
---------------+-------------------------------------+-----
Evocations     | 4 6 |  6.1
Fighting       | 2 3 5 7 8 9 |  9.9
Dodging        | 3 4 5 7 8 9 10 | 10.2
Unarmed Combat | 6 12 15 | 15.0
Shields        | 2 6 7 10 | 10.1
Stealth        | |  1.3

Action                     |  1- 3 |  4- 6 |  7- 9 | 10-12 || total
---------------------------+-------+-------+-------+-------++-------
  Melee: Unarmed           |    33 |    44 |   364 |   265 ||   706
         Tentacles         |    10 |     7 |   112 |    59 ||   188
         Constrict         |     8 |    10 |    95 |    46 ||   159
         Punch             |       |     1 |     9 |    31 ||    41
         Dagger            |       |       |    14 |       ||    14
  Throw: Dart              |       |       |       |     1 ||     1
  Evoke: Wand              |     3 |     8 |    44 |    31 ||    86
         Phial of floods   |       |       |       |     1 ||     1
    Use: Scroll            |       |     3 |     6 |    18 ||    27
         Potion            |       |     3 |    12 |     7 ||    22
   Stab: Sleeping          |     4 |       |    14 |     6 ||    24
         Paralysed         |       |       |     4 |    10 ||    14
 Armour: Skin              |     2 |     4 |    15 |    17 ||    38
  Dodge: Dodged            |    17 |    44 |   308 |   187 ||   556
  Block: Buckler           |       |       |     1 |    84 ||    85
         Reflection        |       |       |       |     3 ||     3

Table legend: (Time is in decaauts)
 A = Elapsed time spent in this place.
 B = Non-inter-level travel time spent in this place.
 C = Inter-level travel time spent in this place.
 D = Time resting spent in this place.
 E = Time spent auto-exploring this place.
 F = Levels seen in this place.
 G = Mean time per level.
                   A        B        C        D        E       F      G
               +--------+--------+--------+--------+--------+-----+--------+
         Total |  13850 |  13207 |    643 |   1852 |   7398 |  15 |  923.3 |
       Dungeon |  13187 |  12544 |    643 |   1642 |   7395 |  13 | 1014.4 |
        Temple |     89 |     89 |      0 |      0 |      0 |   1 |   89.0 |
        Bailey |    573 |    573 |      0 |    210 |      2 |   1 |  573.0 |
               +--------+--------+--------+--------+--------+-----+--------+

Top non-repeatable levels by time:
     D:7: 2306 daAuts
     D:6: 1407 daAuts
     D:8: 1406 daAuts
     D:2: 1186 daAuts
     D:4: 1184 daAuts
     D:3: 1085 daAuts
    D:13: 1021 daAuts
    D:10: 980 daAuts
     D:5: 889 daAuts
     D:1: 614 daAuts
  Bailey: 573 daAuts
    D:11: 418 daAuts
     D:9: 347 daAuts
    D:12: 338 daAuts
  Temple: 89 daAuts
